 Dungeon Crawl Stone Soup version 0.26-a0-651-gb41185065b (webtiles) character file.

Game seed: 15031428858466729900

151643 vurker the Eclecticist (level 16, -12/141 HPs)
             Began as a Demigod Ice Elementalist on Sept 25, 2020.
             Shot with a bolt by Vashnia (32 damage)
             ... on level 4 of the Snake Pit on Sept 29, 2020.
             The game lasted 01:03:43 (41393 turns).

vurker the Eclecticist (Demigod Ice Elementalist)  Turns: 41393, Time: 01:03:43

Health: -12/141    AC: 11    Str: 11    XL:     16   Next: 46%
Magic:  34/50      EV: 12    Int: 29    God:
Gold:   932        SH:  5    Dex: 16    Spells: 28/46 levels left

rFire    . . .     SeeInvis .   B - staff of poison
rCold    . . .     Faith    .   R - +0 buckler
rNeg     . . .     Spirit   .   M - +0 robe {Archmagi}
rPois    +         Reflect  .   n - +0 hat
rElec    .         Harm     .   j - +2 cloak {MR+}
rCorr    .         Rampage  .   Q - +0 pair of gloves
MR       ++...                  i - +0 pair of boots
Stlth    ++........             w - amulet of magic regeneration
HPRegen  0.33/turn              A - +4 ring of protection
MPRegen  0.57/turn              e - ring of magical power

@: no status effects
A: high mp 1
a: no special abilities


You were on level 4 of the Snake Pit.
You visited 4 branches of the dungeon, and saw 27 of its levels.

You collected 2686 gold pieces.
You spent 1754 gold pieces at shops.

Inventory:

Hand Weapons
 o - a +1 vorpal dagger
   (You found it on level 2 of the Dungeon)
Armour
 h - the +2 robe of Osapsibb {rN+ rCorr Int+2 Dex-4}
   (You found it on level 4 of the Dungeon)

   It affects your intelligence (+2).
   It affects your dexterity (-4).
   It protects you from negative energy.
   It provides partial protection from all sources of acid and corrosion.
 i - a +0 pair of boots (worn)
   (You found it on level 8 of the Dungeon)
 j - a +2 cloak of magic resistance (worn)
   (You took it off Crazy Yiuf on level 4 of the Dungeon)
 n - a +0 hat (worn)
   (You found it on level 7 of the Dungeon)
 v - the +2 ring mail "Zineit" {Harm +Blink rPois MR+}
   (You took it off a salamander on level 4 of the Snake Pit)

   It protects you from poison.
   It affects your resistance to hostile enchantments.
   It lets you blink.
   It increases damage dealt and taken.
 J - the +4 skin of Zhor {Englaciate rC+++ SInv}
   (You found it on level 2 of the Lair of Beasts)

   It renders you almost immune to cold.
   It lets you see invisible.
 M - a +0 robe of the Archmagi (worn)
   (You found it on level 6 of the Lair of Beasts)
 Q - a +0 pair of gloves (worn)
   (You found it on level 15 of the Dungeon)
 R - a +0 buckler (worn)
   (You found it on level 1 of the Snake Pit)
Magical Staves
 l - an uncursed staff of conjuration
   (You found it on level 6 of the Dungeon)
 B - an uncursed staff of poison (weapon)
   (You found it on level 11 of the Dungeon)
Jewellery
 e - a ring of magical power (right hand)
   (You found it on level 1 of the Dungeon)
 g - an uncursed ring of positive energy
   (You found it on level 5 of the Dungeon)
 m - an uncursed ring of resist corrosion
   (You found it on level 1 of the Dungeon)
 w - an amulet of magic regeneration (around neck)
   (You found it on level 7 of the Dungeon)
 y - an uncursed ring of protection from cold
   (You found it on level 3 of the Dungeon)
 A - a +4 ring of protection (left hand)
   (You found it on level 11 of the Dungeon)
 H - an uncursed ring of fire
   (You found it on level 1 of the Lair of Beasts)
 O - an uncursed ring of ice
   (You found it on level 14 of the Dungeon)
Wands
 c - a wand of disintegration (5)
   (You found it on level 3 of the Lair of Beasts)
 d - a wand of iceblast (42)
   (You found it on level 7 of the Dungeon)
 t - a wand of flame (41)
   (You found it on level 1 of the Lair of Beasts)
 u - a wand of paralysis (20)
   (You found it on level 7 of the Dungeon)
 N - a wand of polymorph (17)
   (You found it on level 5 of the Lair of Beasts)
 S - a wand of enslavement (4)
   (You found it on level 1 of the Snake Pit)
Scrolls
 a - 9 scrolls of teleportation
 f - 15 scrolls of remove curse
 x - 5 scrolls of immolation
 C - a scroll of blinking
 D - 7 scrolls of identify
 E - 2 scrolls of holy word
 F - 6 scrolls of magic mapping
 K - 9 scrolls of enchant armour
 L - a scroll of fear
 P - 4 scrolls of fog
Potions
 b - 11 potions of curing
 k - 4 potions of flight
 p - 2 potions of ambrosia
 q - a potion of magic
 r - 4 potions of mutation
 s - 3 potions of lignification
 z - 2 potions of resistance
 G - 3 potions of haste
 I - 3 potions of invisibility
 T - 2 potions of degeneration {unknown}


   Skills:
 + Level 12.4 Fighting
 - Level 1.7 Dodging
 - Level 1.7 Stealth
 - Level 4.0 Shields
 * Level 15.8 Spellcasting
 - Level 3.0 Conjurations
 - Level 3.0 Summonings
 - Level 15.0 Ice Magic
 * Level 10.2 Earth Magic


You had 28 spell levels left.
You knew the following spells:

 Your Spells              Type           Power        Failure   Level
a - Freeze                Ice            ####         0%          1
b - Frozen Ramparts       Ice            ######       0%          3
c - Hailstorm             Conj/Ice       #######.     1%          4
d - Summon Ice Beast      Ice/Summ       #######.     1%          4
e - Iron Shot             Conj/Erth      #######...   22%         6

Your spell library contained the following spells:

 Spells                   Type           Power        Failure   Level
 Ozocubu's Armour         Ice            ########     0%          3
 Animate Skeleton         Necr           ####..       1%          1
 Apportation              Tloc           ####..       1%          1
 Corona                   Hex            ####...      1%          1
 Magic Dart               Conj           ####         1%          1
 Summon Small Mammal      Summ           ####         1%          1
 Call Imp                 Summ           ######..     1%          2
 Ensorcelled Hibernation  Hex/Ice        ######       1%          2
 Searing Ray              Conj           ######       1%          2
 Call Canine Familiar     Summ           ######..     1%          3
 Leda's Liquefaction      Hex/Erth       ######....   2%          4
 Slow                     Hex            ####....     3%          2
 Dazzling Flash           Conj/Hex       #####.       3%          3
 Summon Guardian Golem    Hex/Summ       #####...     3%          3
 Confusing Touch          Hex            ####....     6%          3
 Inner Flame              Hex/Fire       ####....     6%          3
 Portal Projectile        Hex/Tloc       ####..       6%          3
 Tukima's Dance           Hex            ####....     6%          3
 Bolt of Magma            Conj/Fire/Erth ######....   10%         5
 Fulminant Prism          Conj/Hex       #####.....   11%         4
 Iskenderun's Mystic Bla  Conj/Tloc      #####...     11%         4
 Summon Lightning Spire   Summ/Air       #####...     11%         4
 Cause Fear               Hex            ####......   21%         4
 Statue Form              Tmut/Erth      ######...    36%         6
 Shatter                  Erth           #######...   100%        9


Dungeon Overview and Level Annotations

Branches:
Dungeon (15/15)            Temple (0/1) D:5            Lair (6/6) D:8
  Swamp (0/4) Lair:2        Snake (4/4) Lair:3        Slime (0/5) Lair:6
    Orc (2/2) D:9             Elf (0/3) Orc:2        Vaults (0/5) D:13
 Depths (0/5) D:15

Shops:
D:8 :   D:9 [   D:12 }   D:15 (   Orc:2 (:[?**??[   Snake:1 ??(}[   Snake:4 (=

Portals:
Pandemonium: Orc:2

Annotations:
D:7 2 transporters, Leosaost's ghost, novice GnWr
D:12 1 runed translucent door, Apogee's ghost, journeyman TrHu
Snake:1 3 runed translucent doors, Cheshire's ghost, journeyman GnFi
Snake:3 Roxanne
Snake:4 Vashnia


Innate Abilities, Weirdness & Mutations

You have an increased reservoir of magic. (+10% MP)


Message History

The naga sharpshooter casts a spell.
The naga sharpshooter magically shoots an arrow.
The arrow hits you!
* * * LOW HITPOINT WARNING * * *
Things that are here:
an arrow; 2 bolts Unknown command.
You feel a surge of power!
A cannonade of hail descends around you!
Your ice beast is unaffected.
Your ice beast is unaffected.
The hail pelts the naga sharpshooter!
The hail pelts the naga sharpshooter!!
Vashnia shoots a bolt.
The bolt hits you!
* * * LOW HITPOINT WARNING * * *
A naga sharpshooter comes into view. It is wielding a +0 dire flail.
Your ice beast closely misses the naga sharpshooter.
The naga sharpshooter spits poison at you.
The splash of poison hits your ice beast.
The naga sharpshooter shoots an arrow.
The arrow hits your ice beast!
Unknown command.
Your ice beast closely misses the naga sharpshooter.
Your ice beast hits the naga sharpshooter but does no damage.
The naga sharpshooter gestures wildly while chanting.
The naga sharpshooter magically shoots an arrow.
The arrow hits you!
* * * LOW HITPOINT WARNING * * *
Vashnia spits poison at you.
The splash of poison hits your ice beast.
Your ice beast hits the naga sharpshooter.
Your ice beast freezes the naga sharpshooter!!
The naga sharpshooter dies!
The naga sharpshooter unwields a +0 dire flail.
The naga sharpshooter wields a +0 longbow.
The naga sharpshooter gestures wildly while chanting.
The naga sharpshooter magically shoots an arrow.
The arrow hits you.
* * * LOW HITPOINT WARNING * * *
The naga sharpshooter shoots an arrow.
The arrow hits your ice beast!!
Your ice beast dies!
You hear a shout! x2
You see here 4 arrows.
As you read the scroll of fog, it crumbles to dust.
The scroll dissolves into smoke.
You hear a shout! x3
The naga sharpshooter spits poison at you.
The splash of poison hits your ice beast.
Your ice beast is poisoned.
Vashnia gestures wildly while chanting.
Vashnia magically shoots a bolt.
The bolt hits you!!
You die...

#.. ..... #.. .....
#.####### . #.#.##..# ..
#)#.....# ... #.⌠.⌠.#(#
#..N############..∩..((#
...N).§§§.......(⌠.⌠...#
....N(Y@§.......(#)..#.#
......§§§§..)..[)##)####
...NY.§§§§..)))([)().).(
.............).##.......
.......##...).#####.....
......# ##....# #.....
#....# #....# #.....
....N #.....# #....#
..... #$....# #....##


You could see Vashnia (catching breath), 3 naga sharpshooters and 2 friendly ice
beasts.

Vanquished Creatures
  Rupert (D:13)
  Asterion (Snake:4)
  Kirke (D:13)
  Donald (Snake:2)
  3 nagarajas
  An orc warlord (Orc:1)
  Aizul (Snake:1)
  Azrael (D:13)
  A fire dragon (D:15)
  An ettin (Orc:1)
  13 naga warriors
  Erolcha (D:9)
  3 catoblepae
  4 anacondas
  6 hydras
  3 centaur warriors
  6 two-headed ogres
  A death yak (Lair:6)
  3 shock serpents
  7 naga sharpshooters
  A vampire mage (D:11)
  3 orc high priests (Orc:2)
  3 salamander mystics
  A gelid demonspawn (Orc:2)
  2 unseen horrors
  An infernal demonspawn (Orc:2)
  5 naga ritualists
  A lindwurm (Lair:6)
  11 ugly things
  Pikel (D:4)
  5 orc knights (Orc:2)
  7 orc sorcerers
  2 deep elf magi
  7 mana vipers
  11 salamanders
  2 cyclopes
  2 manticores (D:15)
  11 elephants
  38 black mambas
  A guardian serpent (Snake:3)
  12 naga magi
  9 cane toads
  3 gargoyles
  Maggie (D:7)
  2 rime drakes (Lair:4)
  A rust devil (Orc:2)
  2 kobold demonologists
  A yaktaur (D:13)
  A hellwing (Orc:2)
  4 komodo dragons
  A red devil (Orc:2)
  3 tengu conjurers
  5 polar bears
  A slime creature (shapeshifter) (D:15)
  4 dream sheep (Lair:6)
  2 hornets
  4 slime creatures
  A bog body (Lair:2)
  11 blink frogs
  11 hippogriffs
  Sigmund (D:6)
  2 wyverns
  5 hogs (D:13)
  32 yaks
  A wraith (D:14)
  A chaos spawn (Orc:2)
  5 fire elementals (D:13)
  10 humans (D:13)
  2 basilisks (Lair:6)
  3 vampire mosquitoes (D:13)
  A warg (Orc:2)
  A soldier ant (D:15)
  31 nagas
  3 hell hounds (D:13)
  11 water moccasins
  6 porcupines
  2 ice beasts
  35 orc warriors
  6 sky beasts
  A black bear (Lair:6)
  7 wolves
  2 eyes of draining
  2 necrophages
  7 ogres
  A phantom (D:13)
  17 centaurs
  4 big kobolds
  7 crocodiles
  2 lemures (D:4)
  Blork the orc (D:5)
  11 bullfrogs
  6 scorpions
  8 wights
  8 hounds
  A quasit (D:10)
  6 centaur zombies
  4 jellies
  26 orc priests
  19 orc wizards
  4 bullfrog skeletons
  7 iguanas
  Terence (D:3)
  2 centaur skeletons
  15 worker ants
  2 hound skeletons
  A worker ant zombie (D:7)
  10 gnolls
  20 adders
  A shadow imp (D:7)
  A white imp (D:7)
  3 oozes
  An adder skeleton (D:6)
  2 worms
  2 dart slugs
  5 leopard geckos
  93 orcs
  A bat zombie (D:7)
  4 giant cockroaches
  8 goblins
  6 hobgoblins
  6 jackals
  17 kobolds
  7 quokkas
  4 ball pythons
  11 bats
  3 frilled lizards (D:1)
  A jackal skeleton (D:4)
  A leopard gecko zombie (D:8)
  A quokka zombie (D:5)
  9 rats
  3 rat zombies (D:7)
803 creatures vanquished.

Vanquished Creatures (collateral kills)
  Louise (D:15)
  Harold (D:7)
  3 hydras
  3 centaur warriors
  An anaconda (Snake:4)
  Urug (D:10)
  A deep troll shaman (Lair:6)
  An orc high priest (Orc:2)
  A naga sharpshooter (Snake:4)
  2 death yaks (Lair:6)
  An orc knight (D:13)
  2 wolf spider zombies
  A cyclops (Orc:1)
  An orc sorcerer (Orc:2)
  3 elephants
  2 ugly things (D:14)
  2 manticores
  A black mamba (Snake:2)
  A torpor snail (Lair:3)
  A guardian serpent (Snake:4)
  A cane toad (Lair:2)
  5 naga magi
  3 centaur skeletons
  A komodo dragon (Lair:1)
  A troll (D:14)
  2 polar bears
  A bog body (Lair:2)
  A hippogriff (Lair:6)
  A dream sheep (Lair:6)
  4 blink frogs
  6 slime creatures
  A vampire (D:14)
  10 yaks
  6 humans (D:13)
  2 basilisks
  A neqoxec (Orc:2)
  A swamp worm (Lair:2)
  4 nagas
  3 water moccasins
  A porcupine (Lair:3)
  An orc warrior (Orc:1)
  An ogre (D:11)
  A phantom (D:10)
  A wolf (Lair:6)
  A centaur (D:14)
  A crocodile (Lair:6)
  A water moccasin skeleton (D:11)
  An electric eel (Lair:2)
  Crazy Yiuf (D:4)
  An orc priest (Orc:2)
  An orc wizard (Orc:1)
  A bullfrog skeleton (D:10)
  A hound skeleton (D:7)
  A shadow imp (D:8)
  A white imp (D:7)
  An orc (Orc:2)
101 creatures vanquished.

Vanquished Creatures (others)
  5 dream sheep (Lair:1)
  A human (D:13)
  An orc warrior (Orc:2)
  A bush (Lair:6)
  36 fungi
  36 plants
80 creatures vanquished.

Grand Total: 984 creatures vanquished

Notes
Turn   | Place    | Note
-------+----------+-------------------------------------------
     0 | D:1      | vurker the Demigod Ice Elementalist began the quest for the
                  | Orb.
     0 | D:1      | Reached XP level 1. HP: 14/14 MP: 5/5
   419 | D:1      | Reached XP level 2. HP: 22/22 MP: 7/7
  1476 | D:2      | Reached XP level 3. HP: 25/27 MP: 9/9
  1512 | D:2      | Learned a level 3 spell: Frozen Ramparts
  1533 | D:2      | Found a radiant altar of Vehumet.
  1590 | D:2      | Found a snail-covered altar of Cheibriados.
  1625 | D:2      | Reached skill level 1 in Fighting
  1663 | D:2      | Found a faded altar of an unknown god.
  1814 | D:2      | Reached XP level 4. HP: 32/35 MP: 10/10
  1935 | D:2      | Learned a level 4 spell: Hailstorm
  2631 | D:3      | Noticed Terence
  2636 | D:3      | Killed Terence
  2636 | D:3      | Reached skill level 1 in Conjurations
  2757 | D:3      | Reached XP level 5. HP: 40/40 MP: 12/12
  2820 | D:3      | Found a shadowy altar of Dithmenos.
  3527 | D:3      | Found a glowing golden altar of the Shining One.
  4006 | D:4      | Found a basalt altar of Yredelemnul.
  4045 | D:4      | Noticed Pikel
  4064 | D:4      | Killed Pikel
  4064 | D:4      | Reached skill level 5 in Ice Magic
  4064 | D:4      | Reached XP level 6. HP: 30/50 MP: 14/15
  4064 | D:4      | Reached XP level 7. HP: 34/56 MP: 14/16
  4070 | D:4      | Learned a level 4 spell: Summon Ice Beast
  4253 | D:4      | Found a runed translucent door.
  4254 | D:4      | Noticed Crazy Yiuf
  4665 | D:4      | Got a colourful robe
  4862 | D:4      | Killed Crazy Yiuf
  4887 | D:4      | Identified the +2 robe of Osapsibb {rN+ rCorr Int+2 Dex-4}
                  | (You found it on level 4 of the Dungeon)
  4929 | D:4      | Got a crystal mace
  4930 | D:4      | Identified the +7 mace of the Vase {antimagic, rN+ MR+
                  | Stlth+} (You found it on level 4 of the Dungeon)
  5048 | D:5      | Entered Level 5 of the Dungeon
  5058 | D:5      | Reached skill level 1 in Summonings
  5239 | D:5      | Found a staircase to the Ecumenical Temple.
  5557 | D:5      | Noticed Blork the orc
  5565 | D:5      | Killed Blork the orc
  5890 | D:5      | Reached XP level 8. HP: 60/63 MP: 17/18
  6130 | D:5      | Reached skill level 5 in Spellcasting
  6420 | D:6      | Found a sacrificial altar of Ru.
  6552 | D:6      | Found a shimmering blue altar of Sif Muna.
  6724 | D:6      | Noticed Sigmund
  6731 | D:6      | Killed Sigmund
  7124 | D:6      | Got a brightly glowing rapier
  7141 | D:6      | Identified the +5 rapier of the Tiger {vorpal, rN+++ MR-
                  | Str+4 Int-3} (You found it on level 6 of the Dungeon)
  7417 | D:7      | Noticed a hippogriff
  7418 | D:7      | Noticed Maggie
  7424 | D:7      | Killed a hippogriff
  7428 | D:7      | Killed Maggie
  7428 | D:7      | Reached XP level 9. HP: 41/72 MP: 2/22
  7620 | D:7      | Noticed Harold
  7632 | D:7      | Killed Harold
  7780 | D:7      | Reached skill level 5 in Fighting
  8005 | D:7      | Found an opulent altar of Gozag.
  8032 | D:7      | Found a transporter.
  8034 | D:7      | Found a transporter.
  8034 | D:7      | Identified the +8 great mace of Aleris Otae {flame, rElec
                  | MR+++ Dex+3 Stlth-}
  8034 | D:7      | Noticed a two-headed ogre
  8034 | D:7      | Noticed Leosaost's ghost (novice GnWr)
  8304 | D:7      | Found a burning altar of Makhleb.
  8439 | D:7      | Found an ancient bone altar of Kikubaaqudgha.
  8634 | D:8      | Noticed a centaur warrior
  8789 | D:8      | Killed a centaur warrior
  9188 | D:8      | Found a hazy altar of Hepliaklqana.
  9191 | D:8      | Found a roughly hewn altar of Beogh.
  9196 | D:8      | Reached XP level 10. HP: 74/81 MP: 16/25
  9516 | D:8      | Found a hide-covered altar of Uskayaw.
  9562 | D:8      | Found a staircase to the Lair.
  9563 | D:8      | Found a stormy altar of Qazlal.
  9592 | D:8      | Noticed a two-headed ogre
  9601 | D:8      | Killed a two-headed ogre
 10179 | D:8      | Found Nihos's Book Emporium.
 10266 | D:9      | Found Coqoph's Armour Emporium.
 10289 | D:9      | Found a staircase to the Orcish Mines.
 10645 | D:9      | Noticed Erolcha
 10653 | D:9      | Killed Erolcha
 10896 | D:10     | Entered Level 10 of the Dungeon
 11036 | D:10     | Reached skill level 10 in Ice Magic
 11449 | D:10     | Noticed Urug
 11458 | D:10     | Killed Urug
 12007 | D:10     | You fall into a shaft and drop 1 floor!
 12063 | D:11     | Reached XP level 11. HP: 79/89 MP: 25/28
 13259 | D:11     | Noticed a vampire mage
 13273 | D:11     | Killed a vampire mage
 14021 | Lair:1   | Entered Level 1 of the Lair of Beasts
 14060 | Lair:1   | Found a shimmering altar of Xom.
 14130 | Lair:1   | Reached skill level 10 in Spellcasting
 15125 | Lair:2   | Found the +4 skin of Zhor {Englaciate rC+++ SInv}
 15959 | Lair:2   | Found a staircase to the Swamp.
 16095 | Lair:3   | Found a staircase to the Snake Pit.
 16538 | Lair:3   | Reached XP level 12. HP: 90/99 MP: 27/31
 17425 | Lair:4   | Found a frozen archway.
 18271 | Lair:4   | Found the +8 whip "Snakebite" {curare, rPois}
 18812 | Lair:4   | Got a shimmering robe
 18823 | Lair:4   | Identified the cursed +1 robe of Inquiry {rPois rC- Regen+
                  | Dex+7} (You found it on level 4 of the Lair of Beasts)
 18977 | Lair:5   | Got a warped leather armour
 18989 | Lair:5   | Identified the +0 leather armour of Refuge {Str+3} (You
                  | found it on level 5 of the Lair of Beasts)
 19314 | Lair:5   | Noticed a four-headed hydra
 19321 | Lair:5   | Killed a four-headed hydra
 19910 | Lair:5   | Noticed an eight-headed hydra
 19919 | Lair:5   | Killed an eight-headed hydra
 20019 | Lair:6   | Entered Level 6 of the Lair of Beasts
 20115 | Lair:6   | Noticed a seven-headed hydra
 20117 | Lair:6   | Noticed an eight-headed hydra
 20123 | Lair:6   | Killed a seven-headed hydra
 20123 | Lair:6   | Killed an eight-headed hydra
 20123 | Lair:6   | Reached XP level 13. HP: 109/109 MP: 21/33
 21621 | Lair:6   | Got a pitted dagger
 21624 | Lair:6   | Identified the cursed +1 dagger of Conversion {flame, rPois
                  | rF- Int+3} (You found it on level 6 of the Lair of Beasts)
 21988 | Lair:6   | Found a viscous altar of Jiyva.
 21988 | Lair:6   | Found a staircase to the Slime Pits.
 22426 | Orc:1    | Entered Level 1 of the Orcish Mines
 22772 | Orc:1    | Reached skill level 10 in Fighting
 22773 | Orc:1    | Noticed an orc warlord
 22784 | Orc:1    | Killed an orc warlord
 23467 | Orc:2    | Entered Level 2 of the Orcish Mines
 23818 | Orc:2    | Found Soabay's General Store.
 23819 | Orc:2    | Found Jutuh's Magic Scroll Shop.
 24012 | Orc:2    | Found Hetom's Antique Weapon Emporium.
 24161 | Orc:2    | Found Hiricsyli's Assorted Antiques.
 24299 | Orc:2    | Found Colimo Ipaof's Magic Scroll Emporium.
 24312 | Orc:2    | Found Doogg's Magic Scroll Emporium.
 24317 | Orc:2    | Found a staircase to the Elven Halls.
 24581 | Orc:2    | Found Bishrut's Antique Armour Shoppe.
 24950 | Orc:2    | Reached XP level 14. HP: 82/121 MP: 32/36
 25813 | Orc:2    | Found Fesiblah's Antique Armour Shoppe.
 25813 | Orc:2    | Found a one-way gate leading to the halls of Pandemonium.
 25813 | Orc:2    | Found Ojykimu's Book Emporium.
 25969 | D:8      | Bought a book of the Earth for 780 gold pieces
 25976 | D:8      | Learned a level 6 spell: Iron Shot
 26066 | Orc:2    | Bought a slimy buckler for 171 gold pieces
 26066 | Orc:2    | Identified the +2 buckler of the Jackalope {*Corrode Regen+
                  | Int+3} (You bought it in a shop on level 2 of the Orcish
                  | Mines)
 26115 | Orc:2    | Bought a scroll of teleportation for 36 gold pieces
 26174 | Orc:2    | Bought a scroll of teleportation for 36 gold pieces
 26174 | Orc:2    | Bought a scroll of magic mapping for 42 gold pieces
 26174 | Orc:2    | Bought a scroll of teleportation for 36 gold pieces
 26174 | Orc:2    | Bought a scroll of enchant armour for 90 gold pieces
 26234 | Orc:2    | Bought a scroll of magic mapping for 63 gold pieces
 26234 | Orc:2    | Bought a scroll of blinking for 135 gold pieces
 26234 | Orc:2    | Bought a scroll of teleportation for 54 gold pieces
 26281 | Orc:2    | Bought a scroll of blinking for 90 gold pieces
 26295 | Orc:2    | Bought a potion of heal wounds for 130 gold pieces
 26295 | Orc:2    | Bought a scroll of magic mapping for 91 gold pieces
 26632 | D:12     | Reached skill level 1 in Earth Magic
 26759 | D:12     | Found Caczeq's Gadget Shoppe.
 27182 | D:12     | Found a runed translucent door.
 27182 | D:12     | Found a shimmering altar of Xom.
 27182 | D:12     | Noticed Apogee's ghost (journeyman TrHu)
 27503 | D:13     | Noticed Kirke
 27512 | D:13     | Killed Kirke
 27519 | D:13     | Reached skill level 15 in Ice Magic
 27558 | D:13     | Noticed Rupert
 27666 | D:13     | Found a gate to the Vaults.
 27682 | D:13     | Killed Rupert
 28037 | D:13     | Noticed Azrael
 28144 | D:13     | Killed Azrael
 29176 | D:14     | Reached skill level 5 in Earth Magic
 29220 | D:14     | Found an iron altar of Okawaru.
 30014 | D:14     | Reached XP level 15. HP: 126/130 MP: 23/38
 31159 | D:15     | Entered Level 15 of the Dungeon
 31205 | D:15     | Found Vitsesk's Antique Weapon Emporium.
 31281 | D:15     | Got a warped robe
 31283 | D:15     | Identified the +0 robe "Womisyc" {rPois} (You found it on
                  | level 15 of the Dungeon)
 31927 | D:15     | Noticed Louise
 31942 | D:15     | Killed Louise
 32322 | D:15     | Found a staircase to the Depths.
 32944 | D:15     | Upgraded the game from 0.26-a0-639-g72c4674329 to
                  | 0.26-a0-651-gb41185065b
 33183 | Snake:1  | Entered Level 1 of the Snake Pit
 33183 | Snake:1  | Found Cevops's Magic Scroll Boutique.
 33434 | Snake:1  | Found Jyrie's Magic Scroll Boutique.
 33737 | Snake:1  | Noticed Aizul
 33746 | Snake:1  | Killed Aizul
 34073 | Snake:1  | Found a runed translucent gate.
 34074 | Snake:1  | Found a runed translucent gate.
 34074 | Snake:1  | Found a runed translucent gate.
 34076 | Snake:1  | Noticed Cheshire's ghost (journeyman GnFi)
 34424 | Snake:1  | Found Waocomo's Armour Emporium.
 34455 | Snake:1  | Found Piajoim's Antique Weapon Emporium.
 34607 | Snake:1  | Reached skill level 1 in Shields
 35021 | Snake:1  | Found Lufajy's Gadget Emporium.
 35026 | Snake:1  | Noticed a nagaraja
 35031 | Snake:1  | Killed a nagaraja
 35714 | Snake:2  | Noticed Donald
 35721 | Snake:2  | Killed Donald
 35738 | Snake:2  | Noticed a nagaraja
 35745 | Snake:2  | Killed a nagaraja
 35745 | Snake:2  | Reached skill level 15 in Spellcasting
 36700 | Snake:2  | Noticed a nagaraja
 36706 | Snake:2  | Killed a nagaraja
 38051 | Snake:3  | Noticed Roxanne
 38113 | Snake:3  | Reached XP level 16. HP: 137/139 MP: 38/40
 39303 | Snake:4  | Entered Level 4 of the Snake Pit
 39305 | Snake:4  | Noticed Vashnia
 39425 | Snake:4  | Noticed Asterion
 39435 | Snake:4  | Killed Asterion
 40128 | Snake:4  | Found Renor's Jewellery Shop.
 40268 | Snake:4  | Found Zokhlausu's Antique Weapon Shop.
 40850 | Snake:4  | Reached skill level 10 in Earth Magic
 40853 | Snake:4  | Identified the +2 ring mail "Zineit" {Harm +Blink rPois
                  | MR+}
 41393 | Snake:4  | Shot with a bolt by Vashnia

Illustrated notes

Levels and vault maps discovered:
D:1:      dpeg_arrival_court, layout_basic, minmay_pentomino_o4
D:2:      layout_basic, cheibriados_altar_1, lemuel_crystal_altar,
          chequers_ecumenical_altar_island
D:3:      layout_loops_corners, grunt_dithmenos_smoke_and_mirrors, tso_altar,
          uniq_terence
D:4:      layout_loops_ring, yredelemnul_altar_generic, kennysheep_nondescript,
          uniq_pikel, uniq_crazy_yiuf_cottage
D:5:      layout_layer_cave, minmay_temple_entry_mini_moons, uniq_blork_the_orc
D:6:      layout_loops_ring, led_sif_book, basic_altar,
          corexii_item_surrounded_by_moat, uniq_sigmund
D:7:      layout_cave_pools, lemuel_zombie_altar_kikubaaqudgha,
          nicolae_gozag_cash_rules_everything_around_me, gammafunk_ghost_smash,
          corexii_corridor_pit, makhleb_blood_cavern_becter, uniq_harold,
          uniq_maggie
D:8:      layout_layer_cave, overflow_temple_1_default, kennysheep_mini,
          nicolae_overflow_hidden_temple, lair_entry_dummy, serial_shops,
          kennysheep_mini_moat, special_room [special_room_orc]
D:9:      layout_cave_pools, orc_david_3, uniq_erolcha
D:10:     layout_loops_ring, serial_bayou_crossing, uniq_urug
D:11:     layout_gridville, minmay_librarian
D:12:     layout_rooms, ebering_ghost_xom, serial_shops,
          nicolae_shop_temple_entry_statues_fountains, hangedman_decor_slide_cut
D:13:     layout_roguey, david_vaults_3, uniq_azrael, uniq_kirke
D:14:     layout_roguey, basic_altar, serial_bayou_pond_d
D:15:     hangedman_depths_entry_try_elsewhere_first, layout_gridville,
          minmay_misc_feat_encased, serial_shops, shop, uniq_louise
Lair:1:   layout_regular_city, kb_xom_exploding_sheep, grunt_megastairs_1
Lair:2:   layout_big_grid, nicolae_swamp_entry_splash_gauntlet
Lair:3:   layout_hall_layers, minmay_snake_entry_guardpost_large
Lair:4:   minmay_guarded_unrand_snakebite, layout_cave_shapes,
          portal_ice_cave_entry_animals_and_master, minmay_holes
Lair:5:   layout_regular_city, grunt_megastairs_4
Lair:6:   grunt_lair_end_beastmaster, layout_small_grid, slime_altar_1,
          minivault_26, chequers_serial_rivers_room_b, infiniplex_staircase_pool
Snake:1:  layout_misc_corridors, gammafunk_ghost_necromancy, serial_shops, shop,
          shop, nicolae_shop_crystal, shop, nicolae_shop_crystal, uniq_aizul
Snake:2:  nicolae_snakescales, layout_grid_shapes, drop_trap, st_stairs_12,
          uniq_donald
Snake:3:  layout_cave_town, corexii_hall_statues_l, uniq_roxanne
Snake:4:  snake_pit, layout_cave_town, serial_shops, shop_fountains,
          nicolae_shop_waterfront, uniq_vashnia, uniq_agnes, uniq_asterion
Orc:1:    layout_caves
Orc:2:    pf_orc_diabolical, layout_diamond_mine, serial_shops,
          nicolae_shop_temple_entry_statues_fountains, shop, shop,
          nicolae_shop_temple_entry_statues_fountains, nicolae_shop_behind_doors

Skill      XL: |  1  2  3  4  5  6  7  8  9 10 11 12 13 14 15 16 |
---------------+-------------------------------------------------+-----
Spellcasting   | 2 3 4 6 7 9 10 12 13 14 15 | 15.8
Ice Magic      | 4 5 6 7 9 10 11 13 14 15 | 15.0
Fighting       | 1 2 3 4 5 6 8 9 10 11 12 | 12.4
Conjurations   | 1 2 3 |  3.0
Summonings     | 2 3 |  3.0
Earth Magic    | 5 8 10 | 10.2
Shields        | 4 |  4.0
Dodging        | |  1.7
Stealth        | |  1.7

Action                   |  1- 3 |  4- 6 |  7- 9 | 10-12 | 13-15 | 16-18 || total
-------------------------+-------+-------+-------+-------+-------+-------++-------
Melee: Dagger            |    10 |    31 |   139 |    73 |   114 |       ||   367
       Unarmed           |     1 |       |       |       |       |       ||     1
 Cast: Freeze            |    61 |    40 |    51 |   139 |   194 |    24 ||   509
       Frozen Ramparts   |     1 |    21 |    46 |    71 |   111 |    13 ||   263
       Summon Ice Beast  |       |       |    19 |    78 |   136 |    42 ||   275
       Hailstorm         |       |       |    23 |   195 |   414 |   107 ||   739
Evoke: Wand              |       |       |       |       |     1 |       ||     1
  Use: Scroll            |       |    11 |     7 |    13 |     8 |     2 ||    41
       Potion            |       |       |       |       |     1 |     1 ||     2
 Stab: Sleeping          |       |     1 |     1 |       |       |       ||     2
       Distracted        |       |       |     1 |       |     1 |       ||     2
Armor: Robe              |     9 |       |    63 |    72 |   161 |    18 ||   323
       Leather armour    |     6 |    12 |    11 |       |       |       ||    29
       Animal skin       |       |       |       |    32 |       |       ||    32
Dodge: Dodged            |    57 |    58 |   135 |   162 |   257 |    37 ||   706
Block: Buckler           |       |       |       |       |    22 |    24 ||    46

Table legend: (Time is in decaauts)
 A = Elapsed time spent in this place.
 B = Non-inter-level travel time spent in this place.
 C = Inter-level travel time spent in this place.
 D = Time resting spent in this place.
 E = Time spent auto-exploring this place.
 F = Levels seen in this place.
 G = Mean time per level.
                   A        B        C        D        E       F      G
               +--------+--------+--------+--------+--------+-----+--------+
         Total |  41418 |  39549 |   1869 |   2824 |  31355 |  27 | 1534.0 |
       Dungeon |  21449 |  20494 |    955 |    766 |  16886 |  15 | 1429.9 |
          Lair |   8454 |   8074 |    380 |      0 |   7084 |   6 | 1409.0 |
     Snake Pit |   8216 |   8068 |    148 |   1942 |   5124 |   4 | 2054.0 |
  Orcish Mines |   3298 |   2912 |    386 |    116 |   2261 |   2 | 1649.0 |
               +--------+--------+--------+--------+--------+-----+--------+

Top non-repeatable levels by time:
 Snake:1: 2909 daAuts
   Orc:2: 2678 daAuts
  Lair:6: 2269 daAuts
 Snake:3: 2246 daAuts
    D:14: 2164 daAuts
    D:15: 1842 daAuts
     D:8: 1699 daAuts
    D:10: 1676 daAuts
 Snake:4: 1643 daAuts
    D:13: 1610 daAuts
  Lair:4: 1553 daAuts
    D:11: 1529 daAuts
     D:3: 1449 daAuts
     D:7: 1420 daAuts
 Snake:2: 1416 daAuts
